 Dungeon Crawl Stone Soup version 0.22-a0-147-gfdd7f25 (webtiles) character file.

3016 KristoblXynda the Destroyer (level 9, -4/68 HPs)
             Began as a Yellow Draconian Conjurer on Feb 6, 2018.
             Was a Believer of Vehumet.
             Slain by a wolf (9 damage)
             ... led by Grum
             ... on level 7 of the Dungeon.
             The game lasted 00:22:06 (10842 turns).

KristoblXynda the Destroyer (DrCj)                 Turns: 10842, Time: 00:22:07

Health: -4/68      AC: 16    Str: 12    XL:     9   Next: 55%
Magic:  18/20      EV: 14    Int: 18    God:    Vehumet [**....]
Gold:   197        SH:  0    Dex: 11    Spells: 14/22 levels left

rFire    . . .     SeeInvis .   n - +2 whip (freeze)
rCold    . . .     Gourm    .   (no shield)
rNeg     . . .     Faith    .   (armour unavailable)
rPois    .         Spirit   .   (helmet restricted)
rElec    .         Reflect  .   f - +2 cloak
rCorr    +         Harm     .   e - +2 pair of gloves
MR       .....                  A - +2 pair of boots {run}
Stlth    +++.......             (no amulet)
HPRegen  0.21/turn              (no ring)
MPRegen  0.17/turn              h - ring of stealth

@: quick
A: spit acid, acid resistance, unfitting armour, antennae 1, stinger 1,
cold-blooded, AC +7
a: Breathe Acid, Renounce Religion


You were on level 7 of the Dungeon.
You worshipped Vehumet.
Vehumet was pleased with you.
You were not hungry.

You visited 2 branches of the dungeon, and saw 9 of its levels.
You also visited: Sewer and Ossuary.

You collected 598 gold pieces.
You spent 401 gold pieces at shops.

Inventory:

Hand Weapons
 n - a +2 whip of freezing (weapon)
Missiles
 m - a throwing net (quivered)
Armour
 e - a +2 pair of gloves (worn)
 f - a +2 cloak (worn)
 y - a +0 buckler
 A - a +2 pair of boots of running (worn)
Jewellery
 h - a ring of stealth (right hand)
Scrolls
 c - a scroll of remove curse
 d - 5 scrolls of teleportation
 g - a scroll of immolation
 j - 2 scrolls of fog
 l - 2 scrolls of amnesia
 q - a scroll of blinking
 r - a scroll of enchant armour
 x - a scroll of fear
Potions
 i - a potion of mutation
 k - a potion of curing
 o - 3 potions of brilliance
 p - 4 potions of might
 s - 2 potions of ambrosia
 t - 3 potions of flight {unknown}
 u - 2 potions of haste {unknown}
 v - 2 potions of agility {unknown}
 C - a potion of resistance {unknown}
Books
 a - a book of Conjurations

   Spells                             Type                      Level
   a - Magic Dart                     Conjuration                  1
   b - Searing Ray                    Conjuration                  2
   c - Dazzling Spray                 Conjuration/Hexes            3
   d - Fulminant Prism                Conjuration/Hexes            4
   e - Force Lance                    Conjuration/Translocation    4
   f - Iskenderun's Mystic Blast      Conjuration                  4
Comestibles
 b - 6 rations


   Skills:
 + Level 2.7 Fighting
   Level 2.1 Staves
 - Level 6.0 Dodging
 - Level 1.7 Stealth
 + Level 7.4 Spellcasting
 + Level 8.9 Conjurations


You had 14 spell levels left.
You knew the following spells:

 Your Spells              Type           Power        Failure   Level  Hunger
a - Magic Dart            Conj           ####         1%          1    None
b - Dazzling Spray        Conj/Hex       ###...       4%          3    #......
c - Iskenderun's Mystic   Conj           #####...     2%          4    ###....


Dungeon Overview and Level Annotations

Branches:
Dungeon (8/15)             Temple (1/1) D:4
   Lair: D:8-11

Altars:
Ashenzari
Cheibriados
Dithmenos
Elyvilon
Fedhas
Gozag
Hepliaklqana
Kikubaaqudgha
Makhleb
Nemelex Xobeh
Okawaru
Qazlal
Ru
Sif Muna
Trog
Uskayaw
Vehumet
Wu Jian
Yredelemnul
The Shining One

Shops:
D:6 ![}[


Innate Abilities, Weirdness & Mutations

You can spit globs of acid.
You are resistant to acid.
Your golden yellow scales are hard. (AC +7)
You cannot fit into any form of body armour.
You are cold-blooded and may be slowed by cold attacks.
You have a pair of small antennae on your head.
Your tail ends in a poisonous barb.


Message History

You see here 3 potions of degeneration.
The wolf bites you.
* * * LOW HITPOINT WARNING * * *
The wolf barely misses you.
You climb upwards.
There is a stone staircase leading down here.
You feel better.
The wolf looks more healthy.
The wolf closely misses you. The wolf barely misses you.
You miss the wolf.
The wolf is almost dead.
The wolf bites you.
* * * LOW HITPOINT WARNING * * *
You closely miss the wolf.
The wolf is almost dead.
The wolf misses you. The wolf bites you!
* * * LOW HITPOINT WARNING * * *
You hit the wolf but do no damage. You tail-slap the wolf.
The wolf is almost dead.
The wolf bites you!
You die...

##.## #.##.............. #..#
#######.....≈≈≈PP≈P≈≈≈≈≈ ##.#
#(.()(#.####♣≈≈≈≈≈≈≈≈≈≈≈
###.######.###'#.#..#.♣≈≈P≈≈≈P≈≈P
...........#...........≈♣≈≈≈≈≈≈≈≈
.###.#######.....#.##.#.≈♣♣≈≈≈≈≈≈
+#.........+.......<.....♣♣♣♣≈PPP
...#..######.....####.....♣ ♣≈≈P≈
......# ###..@h..#..#'###♣♣♣≈♣
...#..# #.#.##.#..#.....♣♣≈.
...#..# #.#.##.#..#####.....
...#..# #.#.##.#.....#######
...#..###### #.#.##.#.....#
+#.#.......# #.#.##.##....#######
.#.#.......# #.#.##.....#.......#
.....#.....# #.#.###.....######.#
...#.#..#### #.#.#...###...## #.#


You could see a wolf.

Vanquished Creatures
  Pikel (D:6)
  A hippogriff (D:7)
  Sigmund (D:6)
  Grum (D:8)
  A black bear (D:7)
  2 phantoms (D:6)
  A slave (D:6)
  2 ogres (D:4)
  A centaur (D:7)
  A bullfrog (Sewer)
  A gnoll sergeant (D:4)
  9 killer bees (D:7)
  An electric eel (D:7)
  A bullfrog skeleton (D:7)
  2 gnoll shamans (D:4)
  2 hounds
  2 orc wizards (D:7)
  Crazy Yiuf (D:2)
  3 worker ants
  A big kobold zombie (Ossuary)
  A hound zombie (D:7)
  8 mummies (Ossuary)
  33 gnolls (D:4)
  5 adders
  8 oozes (Sewer)
  An adder skeleton (D:4)
  A worm (D:2)
  5 dart slugs
  17 leopard geckos
  3 orcs (D:7)
  12 ball pythons
  18 giant cockroaches
  7 goblins
  8 hobgoblins
  21 jackals
  A quokka (D:6)
  4 bats
  18 frilled lizards
  A gnoll zombie (Ossuary)
  3 hobgoblin zombies (Ossuary)
  7 kobolds
  3 kobold zombies (Ossuary)
  A leopard gecko zombie (D:7)
  A quokka skeleton (D:4)
  10 rats
232 creatures vanquished.

Vanquished Creatures (others)
  Edmund (D:6)
  A bullfrog (D:6)
  A worm (D:4)
  2 plants (D:7)
5 creatures vanquished.

Grand Total: 237 creatures vanquished

Notes
Turn   | Place    | Note
-------+----------+-------------------------------------------
     0 | D:1      | KristoblXynda the Draconian Conjurer began the quest for the Orb.
     0 | D:1      | Reached XP level 1. HP: 14/14 MP: 3/3
    49 | D:1      | Reached XP level 2. HP: 13/20 MP: 5/5
   906 | D:2      | Reached XP level 3. HP: 22/26 MP: 1/7
  1195 | D:2      | Found a shattered altar of Ashenzari.
  1199 | D:2      | Found a white marble altar of Elyvilon.
  1251 | D:2      | Learned a level 3 spell: Dazzling Spray
  1513 | D:2      | Found a runed door.
  1868 | D:2      | Found a stormy altar of Qazlal.
  2304 | D:2      | Noticed Crazy Yiuf
  2309 | D:2      | Gained mutation: You evolve. [potion of mutation]
  2309 | D:2      | Gained mutation: You have a pair of small antennae on your head. [potion of mutation]
  2318 | D:2      | Killed Crazy Yiuf
  2318 | D:2      | Reached skill level 5 in Conjurations
  2318 | D:2      | Reached XP level 4. HP: 17/33 MP: 3/8
  2850 | D:3      | Found a glowing drain.
  2866 | Sewer    | Entered a sewer
  3323 | Sewer    | Reached XP level 5. HP: 38/38 MP: 6/10
  4313 | Sewer    | Reached XP level 6. HP: 32/45 MP: 3/12
  4604 | D:3      | Gained mutation: Your tail ends in a poisonous barb. [evolution]
  4604 | D:3      | Lost mutation: You evolve. [end of evolution]
  4646 | D:3      | Found a shadowy altar of Dithmenos.
  5117 | D:4      | Learned a level 4 spell: Iskenderun's Mystic Blast
  5435 | D:4      | Reached skill level 6 in Conjurations
  5571 | D:4      | Found a sand-covered staircase.
  5581 | Ossuary  | Entered an ossuary
  5833 | Ossuary  | Your scales start taking on a golden yellow colour.
  5833 | Ossuary  | Reached XP level 7. HP: 28/50 MP: 2/14
  6426 | D:4      | Found a staircase to the Ecumenical Temple.
  6435 | Temple   | Entered the Ecumenical Temple
  6598 | Temple   | Became a worshipper of Vehumet
  7077 | D:4      | Reached skill level 5 in Spellcasting
  7422 | D:4      | Reached skill level 1 in Staves
  7542 | D:4      | Reached * piety under Vehumet
  7542 | D:4      | Offered knowledge of Flame Tongue by Vehumet.
  7836 | D:4      | Reached XP level 8. HP: 49/57 MP: 16/16
  8078 | D:4      | Reached skill level 7 in Conjurations
  8307 | D:5      | Entered Level 5 of the Dungeon
  8333 | D:5      | You fall through a shaft!
  8763 | D:6      | Found an ancient bone altar of Kikubaaqudgha.
  8921 | D:6      | Noticed Pikel
  8923 | D:6      | Found Ehuda's Armour Boutique.
  8960 | D:6      | Killed Pikel
  8960 | D:6      | Reached skill level 5 in Dodging
  9047 | D:6      | Killed Edmund
  9138 | D:6      | Noticed Sigmund
  9147 | D:6      | Killed Sigmund
  9147 | D:6      | Reached skill level 8 in Conjurations
  9152 | D:6      | Bought a +1 pair of boots of running for 401 gold pieces
  9170 | D:6      | Found an iron altar of Okawaru.
  9172 | D:6      | Found an ornate altar of the Wu Jian Council.
  9172 | D:6      | Found a sacrificial altar of Ru.
  9205 | D:6      | Found Gofusat's Gadget Boutique.
  9217 | D:6      | Found Lirhinlutz's Antique Armour Emporium.
  9224 | D:6      | Found Izxefod's Distillery.
  9443 | D:7      | Reached XP level 9. HP: 62/62 MP: 13/19
  9981 | D:7      | Reached skill level 1 in Fighting
 10005 | D:7      | Offered knowledge of Throw Frost by Vehumet.
 10015 | D:7      | Reached ** piety under Vehumet
 10796 | D:8      | Noticed Grum
 10820 | D:8      | Killed Grum
 10833 | D:8      | HP: 3/68 [wolf[Grum] (10)]
 10842 | D:7      | Slain by a wolf

Vault maps used:
D:1:      minmay_arrival_glassed_features, minmay_domino_2
D:2:      marbit_many_paths, minitemple, uniq_crazy_yiuf_cottage
D:3:      portal_sewer_entry_b, grunt_dithmenos_smoke
D:4:      lemuel_castle_with_subvaults, lemuel_temple_firewalk_b,
          enter_ossuary_5, first_ration
D:5:      minmay_misc_feat_alley, st_stairs_13
D:6:      lemuel_crystal_altar, grunt_temple_overflow_open, serial_shops, shop,
          shop, nicolae_shop_crystal, shop, uniq_edmund, uniq_pikel,
          uniq_sigmund
D:7:      cheibrodos_iron_armory, serial_bayou_lagoon_b
D:8:      minmay_the_grid_octo_triangle, the_bakery, uniq_erica, uniq_maurice,
          uniq_grum
Temple:   oiseaux_autumnal_temple
Sewer:    sewer_frog_island_02
Ossuary:  ossuary_tomb_3

Skill      XL: |  1  2  3  4  5  6  7  8  9 |
---------------+----------------------------+-----
Spellcasting   | 3 4 5 6 7 |  7.4
Conjurations   | 5 6 8 |  8.9
Dodging        | 2 3 4 5 6 |  6.0
Staves         | 1 2 |  2.1
Fighting       | 2 |  2.7
Stealth        | |  1.7

Action                   |  1- 3 |  4- 6 |  7- 9 || total
-------------------------+-------+-------+-------++-------
Melee: Unarmed           |    13 |       |       ||    13
       Dagger            |    69 |       |       ||    69
       Tailslap          |     8 |    12 |    34 ||    54
       Quarterstaff      |       |   124 |   160 ||   284
       Whip              |       |       |   130 ||   130
 Cast: Magic Dart        |    65 |   134 |   162 ||   361
       Dazzling Spray    |     1 |     1 |       ||     2
 Abil: Breathe Acid      |       |       |    10 ||    10
  Use: Potion            |     3 |       |     3 ||     6
       Scroll            |     4 |     7 |     8 ||    19
 Stab: Sleeping          |     3 |     6 |     2 ||    11
  Eat: Chunk             |     4 |     9 |     7 ||    20
       Ration            |       |     1 |     3 ||     4
Armor: Skin              |    16 |    71 |   146 ||   233
Dodge: Dodged            |    42 |   127 |   265 ||   434

Table legend:
 A = Spawn XP
 B = Non-spawn XP
 C = Spawn XP percentage of total XP
 D = Spawn monster count
 E = Non-spawn monster count
 F = Spawn count percentage of total count
 G = Total turns spent on level
                    A         B        C        D         E        F      G
               +---------+---------+-------+---------+---------+-------+---------
         Total |       0 |    4309 |   0.0 |       0 |     231 |   0.0 | 10842
               +---------+---------+-------+---------+---------+-------+---------
           D:1 |       0 |      32 |   0.0 |       0 |      18 |   0.0 |   893
           D:2 |       0 |      94 |   0.0 |       0 |      27 |   0.0 |  1601
           D:3 |       0 |      31 |   0.0 |       0 |      13 |   0.0 |   850
           D:4 |       0 |     976 |   0.0 |       0 |      68 |   0.0 |  2203
           D:5 |       0 |       1 |   0.0 |       0 |       1 |   0.0 |    26
           D:6 |       0 |    1165 |   0.0 |       0 |       6 |   0.0 |  1022
           D:7 |       0 |    1394 |   0.0 |       0 |      26 |   0.0 |  1431
           D:8 |       0 |     188 |   0.0 |       0 |       1 |   0.0 |    56
         Sewer |       0 |     251 |   0.0 |       0 |      55 |   0.0 |  1697
       Ossuary |       0 |     177 |   0.0 |       0 |      16 |   0.0 |   787
               +---------+---------+-------+---------+---------+-------+---------
